 Dungeon Crawl Stone Soup version 0.27-a0-1099-g7f87ac42b0 (webtiles) character file.

Game seed: 13557780893773133982

52 Gaff the Magician (level 3, -3/27 HPs)
             Began as a Djinni Earth Elementalist on Apr 28, 2021.
             Was a Follower of Qazlal.
             Killed by divine providence
             ... invoked by an orc priest
              (10 damage)
             ... on level 3 of the Dungeon.
             The game lasted 00:05:48 (2799 turns).

Gaff the Magician (Djinni Earth Elementalist)       Turns: 2799, Time: 00:05:48

Health: -3/27      AC:  3    Str:  7    XL:     3   Next: 85%
Gold:   49         EV: 12    Int: 17    God:    Qazlal [*.....] SH:  1 Dex: 13

rFire    + + .     SeeInvis .   q - +2 short sword (elec)
rCold    x . .     Faith    .   (no shield)
rNeg     . . .     Spirit   .   c - +0 robe
rPois    ∞         Reflect  .   (no helmet)
rElec    .         Harm     .   u - +0 cloak
rCorr    .         Rampage  .   (no gloves)
Will     .....                  (boots unavailable)
Stlth    ++........             (no amulet)
HPRegen  0.09/turn              (no ring)
MPRegen  0.00/turn              (no ring)

@: flying
A: fire resistance 2, cold vulnerability 1, float, innate caster, hp casting,
extra vitality 1
a: Renounce Religion


You were on level 3 of the Dungeon.
You worshipped Qazlal.
Qazlal was aware of your devotion.
You visited 1 branch of the dungeon, and saw 3 of its levels.

You collected 49 gold pieces.

Inventory:

Hand Weapons
 a - a +2 spear of flaming
 e - a +0 club
 q - a +2 short sword of electrocution (weapon)
Missiles
 b - 7 stones
 m - 13 poisoned darts
 p - 5 atropa-tipped darts
Armour
 c - a +0 robe (worn)
 u - a +0 cloak (worn)
Scrolls
 d - a scroll of brand weapon {unknown}
 g - a scroll of identify {unknown}
 k - a scroll of summoning {unknown}
 l - a scroll of teleportation {unknown}
 n - a scroll of enchant armour {unknown}
 o - a scroll of magic mapping {unknown}
 r - a scroll of fog {unknown}
 s - a scroll of enchant weapon {unknown}
 t - a scroll of blinking {unknown}
Potions
 f - 2 potions of haste {unknown}
 h - 2 potions of brilliance {unknown}
 i - a potion of curing {unknown}
 j - 2 potions of degeneration {unknown}


   Skills:
 + Level 1.3 Fighting
 - Level 2.2 Dodging
 - Level 1.6 Stealth
 * Level 3.7 Spellcasting


You couldn't memorise any spells.
You knew the following spells:

 Your Spells              Type           Power      Damage    Failure   Level
a - Sandblast             Erth           30%        2d9       3%          1
b - Passwall              Tmut/Erth      12%        N/A       5%          2
c - Stone Arrow           Conj/Erth      30%        3d8       11%         3
d - Petrify               Tmut/Erth      15%        N/A       34%         4
e - Lee's Rapid Deconstr  Erth           7%         3d8*      69%         5
f - Foxfire               Conj/Fire      60%        2x1d7     3%          1
Your spell library was empty.

Dungeon Overview and Level Annotations

Branches:
Dungeon (3/15)

Altars:
Qazlal
Sif Muna

Shops:
D:2 (


Innate Abilities, Weirdness & Mutations

You are immune to poison.
Your flesh is very heat resistant. (rF++)
You are vulnerable to cold. (rC-)
You float through the air rather than walking.
You learn spells naturally, not from books.
Your magical power is your life essence.
You have superior vitality. (+4 HP)


Message History

Casting: Foxfire (safe; 3% risk of failure)
Press: ? - help, Q - select action, (/) - cycle Dir - look around, f - activate You conjure some foxfire!
The foxfire hits the orc priest.
The orc priest is severely wounded.
Your foxfire dissipates!
Casting: Foxfire (safe; 3% risk of failure)
Press: ? - help, Q - select action, (/) - cycle Dir - look around, f - activate You conjure some foxfire!
The foxfire hits the orc priest but does no damage.
The orc priest is severely wounded.
Your foxfire dissipates!
Casting: Foxfire (safe; 3% risk of failure)
Press: ? - help, Q - select action, (/) - cycle Dir - look around, f - activate You conjure some foxfire!
Your foxfire dissipates!
The foxfire hits the orc.
The orc is almost dead.
The orc priest calls upon Beogh to heal the orc.
The orc is healed somewhat.
Casting: Foxfire (safe; 3% risk of failure)
Confirm with . or Enter, or press ? or * to list all spells.
The spell is quite dangerous to cast (11% risk of failure)!
Continue anyway? [Y]es or [N]o only, please.
The spell is quite dangerous to cast (11% risk of failure)!
Continue anyway?
Okay, then.
Casting: Stone Arrow (quite dangerous; 11% risk of failure)
Confirm with . or Enter, or press ? or * to list all spells.
Aiming: Passwall (safe; 5% risk of failure)
Press: ? - help, Dir - move target A rock wall.
The orc hits you with a +0 hand axe.
The orc priest calls down the wrath of Beogh upon you.
Beogh smites you!
* * * LOW HITPOINT WARNING * * *
You begin to meditate on the wall.
You continue meditating on the rock.
The orc hits you but does no damage.
The orc priest invokes the aid of Beogh against you.
Beogh smites you!
You die...

##########.......#....#
..........###....'....+
#########.###.####....#### ##
#...#..........#.....### .#
#.#.#####.####.#.###.#.. .#
#.#.# #.####.#..##.#.# .#
#.#.# #....#.#...#.#.# ##
#.#.# #..#.#.#...#.#.# #.#.#
#..#@#.#...#.#.####
#.#.#####†.#o#.#...#......###
#.#........#.#.#...........†.
#####.#######.##o#
#..####.##.##. ....#.#
#.##o#.........##.#.. ###.#.#
#.##o############)### #...#
#.##o# ....S...# ##### #.##.#
######### #.##.#


You could see an orc priest, an orc wizard and 3 orcs.

Vanquished Creatures
  An adder (D:3)
  A dart slug (D:3)
  An orc (D:3)
  5 endoplasms
  A giant cockroach (D:1)
  2 goblins
  5 hobgoblins
  4 jackals (D:2)
  A quokka (D:2)
  4 ball pythons
  3 bats
  A frilled lizard (D:2)
  A kobold (D:2)
  8 rats
38 creatures vanquished.

Vanquished Creatures (others)
  26 foxfires
26 creatures vanquished.

Grand Total: 64 creatures vanquished

Notes
Turn   | Place    | Note
-------+----------+-------------------------------------------
     0 | D:1      | Gaff the Djinni Earth Elementalist began the quest for the
                  | Orb.
     0 | D:1      | Reached XP level 1. HP: 15/15 MP: 0/0
   139 | D:1      | Reached skill level 3 in Spellcasting
   288 | D:1      | Reached XP level 2. HP: 9/21 MP: 0/0
  1640 | D:2      | Reached XP level 3. HP: 26/26 MP: 0/0
  1640 | D:2      | Learned a level 1 spell: Foxfire
  1701 | D:2      | Reached skill level 1 in Fighting
  2158 | D:2      | Found a faded altar of an unknown god.
  2161 | D:2      | Became a worshipper of Qazlal Stormbringer
  2161 | D:2      | Reached * piety under Qazlal
  2368 | D:2      | Found Uhyajifaut's Weapon Shop.
  2799 | D:3      | Killed from afar by an orc priest

Illustrated notes

Levels and vault maps discovered:
D:1:      scummos_arrival_gate, layout_basic
D:2:      layout_loops_ring, shapermc_ecumenical_altar_mp_vishouse,
          serial_shops, shop_statue, basic_altar
D:3:      layout_basic, general_overflow_altar

Skill      XL: |  1  2  3 |
---------------+----------+-----
Spellcasting   | 3 |  3.7
Fighting       | 1 |  1.3
Dodging        | |  2.2
Stealth        | |  1.6

Action                   || total
-------------------------++-------
Melee: Club              ||    31
       Spear             ||    22
       Short sword       ||    20
 Cast: Sandblast         ||    23
       Foxfire           ||    22
       Passwall          ||     1
 Stab: Sleeping          ||     2
Armor: Robe              ||    20
Dodge: Dodged            ||    60
Block: Other             ||     1

Table legend: (Time is in decaauts)
 A = Elapsed time spent in this place.
 B = Non-inter-level travel time spent in this place.
 C = Inter-level travel time spent in this place.
 D = Time resting spent in this place.
 E = Time spent auto-exploring this place.
 F = Levels seen in this place.
 G = Mean time per level.
                   A        B        C        D        E       F      G
               +--------+--------+--------+--------+--------+-----+--------+
         Total |   2811 |   2757 |     54 |   1145 |   1173 |   3 |  937.0 |
       Dungeon |   2811 |   2757 |     54 |   1145 |   1173 |   3 |  937.0 |
               +--------+--------+--------+--------+--------+-----+--------+

Top non-repeatable levels by time:
     D:1: 1272 daAuts
     D:2: 1147 daAuts
     D:3: 391 daAuts
